AoeStats
← 小生怕怕

Lombardia

509912096Analyzed
4v4 RM · 3d ago on Sep 28, 2026· 71m 53s· 8 players
Game mode
Random Map
Map size
Large (8 player)
Population
200
Speed
Normal
Resources
Standard
Victory
Conquest
Starting age
Dark Age
Ending age
Imperial Age
RankedLock teamsTeams togetherTeam positionsShared explorationLock speedFull tech treeHidden civsTurbo modeCheats
Victory
Defeat
🇮🇳 Persians · India
1540
+18
🇩🇪 Spanish · Germany
1521
+19
🇩🇪 Britons · Germany
1514
+19
🇨🇳 Mongols · China
1513
+19
🇭🇰 Inca · Hong Kong SAR China
1619
-19
🇨🇳 Franks · China
1607
-20
🇹🇼 Chinese · Taiwan
1595
-19
🇨🇳 Mongols · China
1539
-17
迷路将军
10:54 Feudal Age
13:22 Double-Bit Axe
16:14 Castle Age
14:38 Gold Mining
24:01 Wheelbarrow
23:41 Bow Saw
26:46 Scale Mail Armor
26:59 Stone Mining
27:45 Gold Shaft Mining
27:42 Scale Barding Armor
28:16 Hand Cart
31:04 Imperial Age
28:37 Husbandry
29:05 Chain Barding Armor
28:56 Town Watch
29:23 Caravan
30:39 Forging
30:27 Loom
30:29 Treadmill Crane
31:59 Iron Casting
31:21 Cavalier
32:40 Plate Barding Armor
34:15 Blast Furnace
33:01 Paladin
35:10 Town Patrol
35:45 Conscription
35:17 Pikeman
36:00 Scale Mail Armor
37:04 Chemistry
35:34 Ordonnance Companies
36:24 Chivalry
36:57 Squires
36:18 Halberdier
38:41 Coinage
38:07 Gambesons
38:10 Arson
49:09 Light Cavalry
52:31 Chain Mail Armor
52:07 Fletching
52:41 Ballistics
52:31 Masonry
59:29 Plate Mail Armor
th0m45
3:15 Loom
10:17 Feudal Age
10:28 Champi Runner
11:51 Double-Bit Axe
12:09 Arson
14:20 Forging
14:27 Horse Collar
20:29 Castle Age
20:50 Champi Warrior
21:33 Squires
21:34 Scale Mail Armor
22:09 Iron Casting
22:02 Bow Saw
23:16 Chain Mail Armor
29:27 Wheelbarrow
29:01 Heavy Plow
29:23 Gold Mining
30:19 Town Watch
30:50 Hand Cart
32:56 Stone Mining
36:36 Imperial Age
36:52 Elite Champi Warrior
38:03 Plate Mail Armor
38:40 Blast Furnace
40:28 Elite Kamayuk
43:08 Conscription
45:17 Caravan
48:51 Fabric Shields
59:26 Crop Rotation
超级硬邦邦
10:26 Feudal Age
12:05 Double-Bit Axe
13:37 Stone Mining
16:32 Castle Age
14:45 Horse Collar
15:53 Town Watch
23:57 Fletching
24:32 Padded Archer Armor
24:24 Loom
24:57 Gold Mining
26:02 Ballistics
26:35 Bodkin Arrow
27:20 Fortified Wall
28:56 Wheelbarrow
28:23 Heavy Plow
29:25 Leather Archer Armor
31:10 Husbandry
31:21 Bloodlines
33:31 Gold Shaft Mining
35:34 Imperial Age
35:56 Hand Cart
36:18 Bracer
36:59 Conscription
36:26 Elite Mangudai
39:54 Chemistry
39:44 Stone Shaft Mining
40:27 Thumb Ring
41:18 Caravan
41:48 Coinage
43:18 Onager
43:49 Capped Ram
44:41 Siege Onager
45:30 Siege Ram
47:44 Siege Engineers
52:26 Drill
54:01 Banking
56:43 Scale Barding Armor
56:39 Scale Mail Armor
56:49 Forging
60:12 Light Cavalry
61:29 Iron Casting
61:14 Chain Barding Armor
62:40 Hussar
64:55 Blast Furnace
好奇小牛
0:27 Loom
10:40 Feudal Age
15:47 Castle Age
13:37 Double-Bit Axe
15:47 Horse Collar
17:17 Bow Saw
17:01 Town Watch
26:19 Wheelbarrow
26:22 Heavy Plow
30:30 Imperial Age
28:16 Stone Mining
28:58 Fortified Wall
28:46 Fletching
29:27 Hand Cart
29:49 Ballistics
29:28 Gold Mining
30:15 Stone Shaft Mining
29:59 Town Patrol
30:06 Caravan
30:06 Bodkin Arrow
30:15 Padded Archer Armor
31:25 Bracer
31:42 Leather Archer Armor
32:39 Chemistry
32:12 Masonry
32:29 Conscription
33:16 Gold Shaft Mining
33:25 Ring Archer Armor
33:18 Elite Chu Ko Nu
35:06 Architecture
34:56 Thumb Ring
37:30 Two-Man Saw
38:59 Coinage
38:50 Murder Holes
40:19 Banking
41:38 Great Wall
48:55 Pikeman
49:20 Arson
49:36 Squires
48:56 Man-at-Arms
52:23 Forging
52:13 Scale Mail Armor
51:38 Halberdier
52:36 Elite Skirmisher
54:52 Iron Casting
54:32 Chain Mail Armor
56:02 Elite Fire Lancer
56:48 Light Cavalry
57:39 Bloodlines
57:29 Husbandry
56:54 Long Swordsman
60:24 Cavalier
62:11 Blast Furnace
61:41 Plate Mail Armor
61:16 Scale Barding Armor
64:12 Capped Ram
65:03 Siege Ram
65:08 Heavy Rocket Cart
66:28 Rocketry
Issue
6:48 Loom
8:42 Feudal Age
9:06 Double-Bit Axe
9:02 Horse Collar
16:53 Castle Age
17:53 Bow Saw
17:44 Heavy Plow
20:58 Wheelbarrow
22:24 Hand Cart
21:56 Loom
21:57 Town Watch
23:18 Stone Mining
24:54 Stone Shaft Mining
25:43 Gold Mining
29:49 Imperial Age
28:58 Gold Shaft Mining
29:06 Scale Barding Armor
29:15 Bloodlines
29:06 Husbandry
29:17 Forging
30:07 Chain Barding Armor
31:39 Two-Man Saw
32:15 Plate Barding Armor
32:14 Crop Rotation
32:46 Conscription
33:02 Iron Casting
33:56 Elite War Elephant
36:25 Blast Furnace
35:51 Caravan
36:03 Fletching
36:53 Ballistics
37:48 Bodkin Arrow
39:26 Citadels
41:56 Masonry
42:47 Chemistry
53:29 Hoardings
57:54 Architecture
65:12 Coinage
67:12 Banking
66:54 Guilds
小生怕怕
8:55 Loom
10:40 Feudal Age
15:13 Castle Age
13:34 Double-Bit Axe
14:25 Horse Collar
16:53 Fletching
20:02 Bodkin Arrow
21:48 Padded Archer Armor
22:33 Ballistics
22:08 Town Watch
24:28 Gold Mining
26:15 Wheelbarrow
27:10 Husbandry
28:43 Bloodlines
30:49 Bow Saw
35:50 Imperial Age
33:50 Thumb Ring
35:18 Stone Mining
37:03 Conscription
37:11 Parthian Tactics
36:53 Bracer
37:09 Leather Archer Armor
38:43 Chemistry
38:51 Gold Shaft Mining
40:53 Elite Mangudai
43:47 Caravan
50:46 Herbal Medicine
53:59 Hoardings
59:35 Heavy Plow
61:01 Hand Cart
64:11 Fortified Wall
64:12 Masonry
65:44 Coinage
66:40 Drill
66:39 Siege Engineers
67:10 Capped Ram
68:21 Siege Ram
Richman
10:37 Feudal Age
14:19 Castle Age
13:03 Double-Bit Axe
13:28 Horse Collar
25:04 Fletching
34:53 Imperial Age
36:41 Wheelbarrow
36:13 Scale Barding Armor
36:18 Forging
36:13 Gold Mining
36:16 Cavalier
37:31 Bloodlines
37:21 Husbandry
37:43 Chain Barding Armor
37:43 Paladin
39:43 Caravan
39:48 Caravan
41:10 Plate Barding Armor
43:15 Iron Casting
46:01 Blast Furnace
50:02 Heavy Plow
60:22 Capped Ram
61:41 Fortified Wall
61:41 Masonry
64:12 Siege Ram
konstid
8:13 Loom
8:52 Loom
11:26 Feudal Age
15:09 Castle Age
13:15 Double-Bit Axe
13:48 Horse Collar
14:17 Fletching
16:38 Bow Saw
22:39 Heavy Plow
23:29 Wheelbarrow
23:57 Gold Mining
25:06 Bodkin Arrow
25:09 Crossbowman
27:42 Padded Archer Armor
27:37 Stone Mining
30:39 Imperial Age
28:24 Hand Cart
28:28 Masonry
28:01 Treadmill Crane
28:45 Ballistics
30:05 Leather Archer Armor
31:32 Fortified Wall
31:23 Bracer
30:53 Arbalester
33:49 Ring Archer Armor
34:21 Chemistry
34:44 Conscription
34:52 Yeomen
37:24 Coinage
37:48 Scale Mail Armor
38:37 Banking
38:14 Siege Engineers
39:53 Pikeman
40:33 Squires
40:50 Chain Mail Armor
42:37 Caravan
43:43 Murder Holes
43:37 Halberdier
45:05 Plate Mail Armor
56:11 Elite Longbowman
59:08 Town Watch
60:27 Two-Man Saw
64:27 Masonry
64:54 Hoardings
66:20 Architecture
Connection lost

Rejoining the realm…

Still unreachable

The connection could not be restored.

Session expired

The server has moved on; the page needs a fresh start.